AoeStats
← Davos01

Arena

510053343Analyzed
1v1 RM · 4d ago on Sep 29, 2026· 59m 53s· 2 players
Game mode
Random Map
Map size
Tiny (2 player)
Population
200
Speed
Normal
Resources
Standard
Victory
Conquest
Starting age
Dark Age
Ending age
Imperial Age
RankedLock teamsTeams togetherTeam positionsShared explorationLock speedFull tech treeHidden civsTurbo modeCheats
Victory
Defeat
🇦🇺 Franks · Australia
497
+16
🇧🇪 Sicilians · Belgium
400
-12
Draginovko
2:38 Loom
13:29 Feudal Age
22:02 Castle Age
29:32 Wheelbarrow
35:17 Imperial Age
35:01 Hand Cart
36:59 Hoardings
35:58 Elite Skirmisher
36:54 Horse Collar
37:05 Double-Bit Axe
38:18 Forging
37:59 Fletching
38:10 Padded Archer Armor
38:13 Scale Mail Armor
38:19 Scale Barding Armor
39:23 Pikeman
43:01 Elite Serjeant
43:16 Halberdier
45:56 Bow Saw
45:51 Heavy Plow
46:31 Iron Casting
45:52 Bodkin Arrow
46:13 Leather Archer Armor
46:15 Chain Mail Armor
46:21 Chain Barding Armor
46:13 Arson
46:29 Squires
46:15 Gambesons
48:21 Blast Furnace
47:17 Gold Mining
47:18 Stone Mining
50:30 First Crusade
50:18 Hauberk
53:04 Conscription
60:06 Masonry
60:18 Ballistics
59:44 Arrowslits
61:01 Chemistry
Davos01
0:31 Loom
10:34 Feudal Age
12:57 Double-Bit Axe
16:39 Wheelbarrow
21:20 Castle Age
23:50 Bow Saw
24:35 Husbandry
23:58 Light Cavalry
26:04 Hand Cart
27:54 Scale Barding Armor
28:01 Gold Mining
28:26 Stone Mining
38:33 Imperial Age
36:33 Forging
36:44 Chain Barding Armor
44:22 Cavalier
45:09 Scale Mail Armor
48:32 Plate Barding Armor
48:33 Iron Casting
48:44 Murder Holes
49:10 Ballistics
54:49 Man-at-Arms
Connection lost

Rejoining the realm…

Still unreachable

The connection could not be restored.

Session expired

The server has moved on; the page needs a fresh start.